 Dungeon Crawl Stone Soup version 0.28.0-49-g6dfe1f597d (webtiles) character file.

Game seed: 8750895342132225680

284 GigaChad the Covered (level 6, 0/53 HPs)
             Began as a Minotaur Fighter on May 11, 2022.
             Slain by a kobold
             ... wielding a +1 vampiric short sword
              (4 damage)
             ... on level 5 of the Dungeon.
             The game lasted 00:14:06 (4381 turns).

GigaChad the Covered (Minotaur Fighter)             Turns: 4381, Time: 00:14:06

Health: 0/53       AC: 10    Str: 20    XL:     6   Next: 7%
Magic:  5/5        EV:  7    Int:  5    God:
Gold:   153        SH:  5    Dex: 12    Spells: 5/5 levels left

rFire   . . .      SeeInvis .   a - +0 long sword
rCold   . . .      Faith    .   c - +0 buckler
rNeg    . . .      Spirit   .   e - +0 chain mail
rPois   .          Reflect  .   (helmet restricted)
rElec   .          Harm     .   (no cloak)
rCorr   .          Rampage  .   (no gloves)
Will    .....                   (no boots)
Stlth   ..........              (no amulet)
HPRegen 0.17/turn               (no ring)
MPRegen 0.09/turn               (no ring)

@: no status effects
A: horns 2, retaliatory headbutt
a: no special abilities


You were on level 5 of the Dungeon.
You visited 1 branch of the dungeon, and saw 5 of its levels.

You collected 153 gold pieces.

Inventory:

Hand Weapons
 a - a +0 long sword (weapon)
Armour
 b - a +0 scale mail
 c - a +0 buckler (worn)
 e - a +0 chain mail (worn)
Jewellery
 g - a ring of magical power
Wands
 n - a wand of charming (13)
Scrolls
 f - 2 scrolls of vulnerability {unknown}
 h - 4 scrolls of fog {unknown}
 j - 2 scrolls of identify {unknown}
 k - a scroll of brand weapon {unknown}
 l - a scroll of amnesia {unknown}
 p - a scroll of magic mapping {unknown}
 s - a scroll of noise {unknown}
Potions
 d - a potion of might
 i - 3 potions of degeneration {unknown}
 m - a potion of haste {unknown}
 o - a potion of lignification {unknown}
 q - a potion of curing {unknown}
 r - a potion of invisibility {unknown}


   Skills:
 + Level 4.5 Fighting
 + Level 4.9 Long Blades
 + Level 5.8 Armour
 + Level 1.2 Dodging
 + Level 0.1 Stealth
 + Level 4.1 Shields


You had 5 spell levels left.
You didn't know any spells.
Your spell library was empty.

Dungeon Overview and Level Annotations

Branches:
Dungeon (5/15)
 Temple: D:4-7

Altars:

Shops:
D:4 =(*?[


Innate Abilities, Weirdness & Mutations

You have a pair of horns on your head.
You reflexively headbutt those who attack you in melee.


Message History

Your headbutt misses the kobold brigand.
The kobold brigand is moderately wounded.
You feel sick. The adder completely misses you. You furiously retaliate!
You headbutt the adder.
You kill the adder!
The kobold brigand hits you with a +0 dagger.
* * * LOW HITPOINT WARNING * * *
The kobold hits you but does no damage.
You hit the kobold brigand.
The kobold brigand is heavily wounded.
You feel sick.
The kobold brigand hits you but does no damage.
You block the kobold's attack.
The kobold brigand hits you with a +0 dagger.
* * * LOW HITPOINT WARNING * * *
You hit the kobold brigand. You headbutt the kobold brigand.
The kobold brigand is severely wounded.
You feel sick.
You are no longer poisoned.
The kobold barely misses you.
The kobold brigand hits you but does no damage.
The kobold hits you but does no damage.
You hit the kobold brigand.
The kobold brigand is almost dead.
The kobold brigand closely misses you. You furiously retaliate!
You headbutt the kobold brigand, but do no damage.
The kobold hits you but does no damage.
You hit the kobold brigand but do no damage.
The kobold brigand is almost dead.
You block the kobold brigand's attack. You block the kobold's attack.
The kobold brigand hits you with a +0 dagger.
* * * LOW HITPOINT WARNING * * *
Unknown command.
You closely miss the kobold brigand.
The kobold brigand is almost dead.
The kobold hits you but does no damage. You block the kobold brigand's attack.
You closely miss the kobold brigand.
The kobold brigand is almost dead.
The kobold hits you with a +1 vampiric short sword.
You die...

... #.. ..[. #...
#.... #....
#........ #..[.
##... ....
#....####..# #...
#..........##... .
#.#..K@....#.# ..[
#....K)......#....
#.................
#.........<.......
#.................
#.................
#..........#......
#......?..........
#.......$.........


You could see a kobold brigand and a kobold.

Vanquished Creatures
  An ogre (D:4)
  A howler monkey (D:4)
  A gnoll shaman (D:4)
  4 gnolls (D:4)
  4 adders
  2 worms
  A dart slug (D:2)
  4 orcs
  3 endoplasms
  4 giant cockroaches
  5 goblins
  7 hobgoblins
  8 kobolds
  A quokka (D:4)
  10 ball pythons
  2 bats
  5 frilled lizards (D:1)
  8 rats (D:1)
71 creatures vanquished.

Vanquished Creatures (others)
  A plant (D:1)
1 creature vanquished.

Grand Total: 72 creatures vanquished

Notes
Turn   | Place    | Note
-------+----------+-------------------------------------------
     0 | D:1      | GigaChad the Minotaur Fighter began the quest for the Orb.
     0 | D:1      | Reached XP level 1. HP: 19/19 MP: 0/0
    72 | D:1      | Reached skill level 4 in Armour
   102 | D:1      | Reached XP level 2. HP: 27/27 MP: 1/1
  1006 | D:2      | Reached XP level 3. HP: 19/33 MP: 2/2
  1187 | D:2      | Found a faded altar of an unknown god.
  1187 | D:2      | Noticed a sun demon
  1507 | D:2      | Reached skill level 5 in Armour
  1600 | D:2      | Reached XP level 4. HP: 40/40 MP: 3/3
  2550 | D:4      | Reached XP level 5. HP: 21/46 MP: 4/4
  2558 | D:4      | Reached skill level 1 in Dodging
  2560 | D:4      | HP: 2/46 [gnoll/+0 flail (8)]
  3315 | D:4      | Noticed an ogre
  3323 | D:4      | Killed an ogre
  3324 | D:4      | Reached XP level 6. HP: 13/53 MP: 5/5
  3769 | D:4      | Found Tupn's Assorted Antiques.
  3810 | D:4      | Found Yzef's Antique Armour Shoppe.
  3822 | D:4      | Found Vejo's Magic Scroll Shop.
  4068 | D:4      | Found Ronna's Weapon Boutique.
  4171 | D:4      | Found Kosmyt's Jewellery Emporium.
  4359 | D:5      | Entered Level 5 of the Dungeon
  4381 | D:5      | Slain by a kobold

Illustrated notes

Levels and vault maps discovered:
D:1:      lightli_arrival_maybe_door_vault, layout_basic, serial_park_tiny_pond,
          minmay_misc_feat_room, minmay_shallow_snake_nest
D:2:      layout_basic, dreamdust_ecumenical_altar_sealed_demon,
          kennysheep_generic_room_4
D:3:      layout_basic
D:4:      layout_loops_ring, serial_shops, nicolae_shop_bloodbath_and_beyond,
          nicolae_shop_hallway_plus, nicolae_shop_behind_doors,
          nicolae_lakefront_shop, nicolae_shop_stone
D:5:      kennysheep_steamy, layout_rooms, mainiacjoe_overflow_brackets,
          uniq_prince_ribbit1, uniq_grinder, uniq_pikel

Skill      XL: |  1  2  3  4  5 |
---------------+----------------+-----
Armour         | 4 5 |  5.8
Long Blades    | 3 4 |  4.9
Fighting       | 4 |  4.5
Shields        | 4 |  4.1
Dodging        | 1 |  1.2
Stealth        | |  0.1

Action                   |  1- 3 |  4- 6 || total
-------------------------+-------+-------++-------
Melee: Long sword        |    78 |    89 ||   167
       Headbutt          |    11 |    18 ||    29
Armor: Scale mail        |    20 |       ||    20
       Chain mail        |    40 |    57 ||    97
Dodge: Dodged            |    28 |    34 ||    62
Block: Buckler           |    16 |    24 ||    40
